 Dungeon Crawl Stone Soup version 0.29.1-1-gd02db6906a (webtiles) character file.

Game seed: 9479843203294677025

99 xian the Grasshopper (level 4, -1/36 HPs)
             Began as a Palentonga Wanderer on Oct 17, 2022.
             Slain by an ufetubus (2 damage)
             ... on level 4 of the Dungeon on Oct 18, 2022.
             The game lasted 00:08:10 (3019 turns).

xian the Grasshopper (Palentonga Wanderer)          Turns: 3019, Time: 00:08:12

Health: -1/36      AC:  6    Str: 21    XL:     4   Next: 45%
Magic:  7/7        EV:  9    Int: 10    God:
Gold:   172        SH:  0    Dex: 10    Spells: 6/7 levels left

rFire   . . .      SeeInvis +   a - +0 club
rCold   + . .      Faith    .   (no shield)
rNeg    . . .      Spirit   .   o - +2 leather armour {rC+}
rPois   .          Reflect  .   (no helmet)
rElec   .          Harm     .   (no cloak)
rCorr   .          Rampage  .   (no gloves)
Will    .....                   (no barding)
Stlth   +.........              w - amulet of the acrobat
HPRegen 0.12/turn               t - +4 ring of slaying
MPRegen 0.10/turn               (no ring)

@: flying
A: large, rugged brown scales 3, see invisible, deformed body, roll 1, armoured
tail
a: Rolling Charge


You were on level 4 of the Dungeon.
You visited 1 branch of the dungeon, and saw 4 of its levels.

You collected 172 gold pieces.

Inventory:

Hand Weapons
 a - a +0 club (weapon)
Missiles
 h - 12 poisoned darts
 u - a javelin (quivered)
Armour
 o - a +2 leather armour of cold resistance (worn)
Jewellery
 t - a +4 ring of slaying (left hand)
 w - an amulet of the acrobat (around neck)
Scrolls
 d - 2 scrolls of butterflies {unknown}
 e - 4 scrolls of teleportation
 i - a scroll of vulnerability {unknown}
 k - 2 scrolls of identify {unknown}
 l - a scroll of blinking {unknown}
 p - a scroll of torment {unknown}
 q - 2 scrolls of immolation {unknown}
 s - a scroll of enchant weapon {unknown}
 v - a scroll of fear {unknown}
Potions
 c - a potion of lignification
 f - a potion of haste {unknown}
 g - a potion of brilliance {unknown}
 j - 4 potions of flight
 m - a potion of attraction {unknown}
 n - a potion of magic {unknown}
 r - 2 potions of curing {unknown}
Miscellaneous
 b - a piece from Xom's chessboard (15/15)


   Skills:
 + Level 2.5 Fighting
 + Level 1.5 Maces & Flails
 + Level 1.6 Armour
 + Level 1.4 Dodging
 + Level 1.1 Stealth
 + Level 2.3 Spellcasting
 + Level 3.2 Translocations
 + Level 1.0 Evocations


You had 6 spell levels left.
You knew the following spells:

 Your Spells              Type           Power      Damage    Failure   Level
a - Apportation           Tloc           14%        N/A       9%          1

Your spell library contained the following spells:

 Spells                   Type           Power      Damage    Failure   Level
 Gell's Gravitas          Tloc           7%         N/A       26%         3
 Lesser Beckoning         Tloc           7%         N/A       26%         3
 Teleport Other           Tloc           7%         N/A       26%         3
 Summon Small Mammal      Summ           4%         N/A       34%         1
 Call Canine Familiar     Summ           1%         N/A       71%         3
 Summon Guardian Golem    Hex/Summ       1%         N/A       71%         3
 Iskenderun's Mystic Bla  Conj/Tloc      4%         2d3       87%         4
 Dispersal                Tloc           3%         N/A       100%        6


Dungeon Overview and Level Annotations

Branches:
Dungeon (4/15)
 Temple: D:4-7

Altars:


Innate Abilities, Weirdness & Mutations

You are completely covered in rugged brown scales. (AC +3, +7% HP)
You have supernaturally acute eyesight. (SInv)
Armour fits poorly on your strangely shaped body.
You can roll at nearby foes to attack.
You have a long armoured tail.


Message History

The ufetubus hits you but does no damage.
The hobgoblin barely misses you.
The iguana bites you but does no damage.
The ufetubus hits you but does no damage.
The ufetubus barely misses you.
Throw: 3 javelins
Press: ? - help, Q - select action, (/) - cycle Shift-Dir - straight line, f/p - necrophage
Aim: a necrophage (heavily damaged, 62% to hit)
You throw a javelin. The javelin pierces through the iguana.
The iguana is moderately wounded.
The javelin pierces through the necrophage.
The necrophage is severely damaged.
The ufetubus barely misses you.
The ufetubus hits you but does no damage.
The hobgoblin hits you but does no damage.
The iguana bites you!
* * * LOW HITPOINT WARNING * * *
The ufetubus closely misses you. The ufetubus barely misses you.
The hobgoblin closely misses you. The iguana barely misses you.
Throw: 2 javelins
Press: ? - help, Q - select action, (/) - cycle Shift-Dir - straight line, f/p - necrophage
Aim: a necrophage (severely damaged, 62% to hit)
You throw a javelin. The javelin barely misses the iguana.
The javelin pierces through the necrophage.
The necrophage is almost destroyed.
The ufetubus barely misses you.
The ufetubus hits you but does no damage. x2
The ufetubus barely misses you. The hobgoblin hits you.
* * * LOW HITPOINT WARNING * * *
The iguana bites you.
* * * LOW HITPOINT WARNING * * *
The ufetubus hits you but does no damage. x2
It was a potion of flight.
You feel very buoyant.
You fly up into the air.
The hobgoblin hits you.
* * * LOW HITPOINT WARNING * * *
The iguana closely misses you.
The ufetubus hits you but does no damage.
The ufetubus hits you.
You die...

........#.....#
.#.#.#.##.....+
.........#.....#
.#.#.#.#.#......#
$.........#.....#
.#.#.#.#†##.....# .
..........(....# ..
#.#.#.#.#....g5# ...
......>(....nl@# ....
#.#.#.#.########.....
......................
.#.#.#.#.#....<..##
...........)....#
#.#.#.#.#.......#
+.....'.......#
#######.......#
#########


You could see a necrophage, an iguana, an ufetubus and a hobgoblin.

Vanquished Creatures
  4 adders
  2 dart slugs
  7 ball pythons
  8 endoplasms
  5 giant cockroaches
  7 goblins
  3 hobgoblins
  9 kobolds
  A quokka (D:3)
  4 bats
  5 frilled lizards
  A rat (D:3)
56 creatures vanquished.

Vanquished Creatures (others)
  9 plants (D:4)
9 creatures vanquished.

Grand Total: 65 creatures vanquished

Notes
Turn   | Place    | Note
-------+----------+-------------------------------------------
     0 | D:1      | xian the Palentonga Wanderer began the quest for the Orb.
     0 | D:1      | xian set off with the following items: a +0 club, a piece
                  | from Xom's chessboard (15/15), a potion of lignification, a
                  | +0 leather armour, a scroll of teleportation; and the
                  | following spell memorised: Apportation; and the following
                  | spells available to memorise: Lesser Beckoning,
                  | Iskenderun's Mystic Blast.
     0 | D:1      | Reached XP level 1. HP: 17/17 MP: 3/3
   370 | D:1      | Reached XP level 2. HP: 22/23 MP: 5/5
  1459 | D:2      | Reached XP level 3. HP: 28/28 MP: 6/6
  1880 | D:2      | Reached skill level 1 in Maces & Flails
  1935 | D:2      | Found a faded altar of an unknown god.
  2495 | D:3      | Reached skill level 1 in Armour
  2687 | D:3      | Reached XP level 4. HP: 36/36 MP: 7/7
  3005 | D:4      | Noticed a necrophage
  3019 | D:4      | HP: 1/36 [hobgoblin (2)]
  3019 | D:4      | Slain by an ufetubus

Illustrated notes

Levels and vault maps discovered:
D:1:      minmay_arrival_plants_in_alcoves, layout_loops_ring,
          chequers_serial_rivers_small_b
D:2:      layout_basic, hellmonk_ecumenical_altar_lost_god
D:3:      layout_rooms
D:4:      layout_gridville, grunt_temple_overflow_champion_of_chaos,
          kennysheep_minor_cross, st_stairs_11, nicolae_grassy_gnolls

Skill      XL: |  1  2  3 |
---------------+----------+-----
Maces & Flails | 1 |  1.5
Armour         | 1 |  1.6
Fighting       | |  2.5
Dodging        | |  1.4
Stealth        | |  1.1
Spellcasting   | |  2.3
Translocations | |  3.2
Evocations     | |  1.0

Action                   |  1- 3 |  4- 6 || total
-------------------------+-------+-------++-------
Melee: Club              |   155 |    19 ||   174
       Tailslap          |    17 |     1 ||    18
       Punch             |     1 |       ||     1
Throw: Stone             |    14 |       ||    14
       Dart              |     4 |     2 ||     6
       Javelin           |       |     5 ||     5
 Abil: Rolling Charge    |    24 |     4 ||    28
  Use: Potion            |       |     1 ||     1
Armor: Leather armour    |    97 |    27 ||   124
Dodge: Dodged            |    86 |    42 ||   128
